AoeStats
← LyM. El Arquitecto

Arabia

509920687Analyzed
2v2 RM · 3d ago on Sep 28, 2026· 39m 57s· 4 players
Game mode
Random Map
Map size
Medium (4 player)
Population
200
Speed
Normal
Resources
Standard
Victory
Conquest
Starting age
Dark Age
Ending age
Imperial Age
RankedLock teamsTeams togetherTeam positionsShared explorationLock speedFull tech treeHidden civsTurbo modeCheats
Victory
Defeat
🇦🇷 Franks · Argentina
1132
+14
🇦🇷 Dravidians · Argentina
1041
+17
🇧🇷 Maya · Brazil
1096
-16
🇳🇴 Koreans · Norway
1053
-15
qru
11:05 Loom
12:51 Feudal Age
13:41 Horse Collar
19:24 Castle Age
19:05 Double-Bit Axe
19:13 Stone Mining
19:14 Gold Mining
20:37 Fletching
24:15 Wheelbarrow
25:51 Pikeman
26:34 Squires
26:54 Forging
26:45 Scale Mail Armor
28:22 Iron Casting
29:32 Chain Mail Armor
29:42 Heavy Plow
29:53 Bow Saw
30:56 Hand Cart
31:20 Bodkin Arrow
31:07 Elite Skirmisher
33:05 Gold Shaft Mining
33:06 Stone Shaft Mining
34:52 Pikeman
35:19 Arson
40:47 Imperial Age
38:38 Murder Holes
38:25 Treadmill Crane
.GT
0:38 Loom
10:44 Feudal Age
11:15 Double-Bit Axe
19:38 Castle Age
20:22 Squires
20:45 Horse Collar
20:50 Pikeman
23:17 Wheelbarrow
LyM. El Arquitecto
0:27 Loom
11:45 Feudal Age
12:40 Town Watch
12:43 Double-Bit Axe
12:45 Horse Collar
16:04 Gold Mining
17:33 Wheelbarrow
18:15 Stone Mining
22:28 Castle Age
21:14 Fletching
21:52 Padded Archer Armor
22:40 Scale Barding Armor
23:01 Elite Skirmisher
26:27 Ballistics
28:12 Husbandry
31:55 Chain Barding Armor
31:31 Bodkin Arrow
35:19 Hand Cart
36:26 Leather Archer Armor
36:21 Forging
36:37 Medical Corps
41:25 Imperial Age
LyM.TysanTesmon
1:56 Loom
9:49 Feudal Age
10:18 Double-Bit Axe
15:01 Town Watch
19:05 Castle Age
18:57 Gold Mining
20:12 Forging
20:15 Husbandry
25:58 Scale Barding Armor
30:40 Wheelbarrow
31:35 Bow Saw
36:17 Imperial Age
35:18 Chain Barding Armor
36:01 Iron Casting
36:18 Cavalier
37:35 Plate Barding Armor
38:35 Blast Furnace
40:50 Hand Cart
Connection lost

Rejoining the realm…

Still unreachable

The connection could not be restored.

Session expired

The server has moved on; the page needs a fresh start.